[Event "Championnat d'Europe Rapide"]
[Date "2024.12.07"]
[White "Fedoseev, Vladimir"]
[Black "Djukanovic, Mitar"]
[WhiteElo "2709"]
[BlackElo "1943"]
[Round "1.1"]
[Result "1-0"]
[TimeControl "900+10"]

1. e4 g6 2.
d4 Bg7 3.
Nf3 c6 4. h3 d5 5. exd5 cxd5 6. c3 Nf6 7. Bf4 O-O 8. Bd3 Nc6 9. Qb3 Re8 10. O-O Nh5 11. Bh2 e5 12. dxe5 Nxe5 13.
Bxe5 Bxe5 14. Re1 Qd6 15. Nbd2 Nf4 16. Bf1 a5 17. Rad1 a4 18. Nc4 dxc4 19. Qb5 Bd7 20. Qxd7 Qf6 21. Nxe5 Rxe5 22. Rxe5 Qxe5 23. Bxc4 Rf8 24. Qxb7 a3 25. bxa3 Qxc3 26. Qe4 g5 27. a4 h6 28. g3 Nxh3+ 29. Kg2 1-0

[Site "Europe Echecs"]

[Event "Championnat d'Europe Rapide"]
[Date "2024.12.07"]
[White "Minas, Ioannis"]
[Black "Navara, David"]
[WhiteElo "1987"]
[BlackElo "2665"]
[Round "1.2"]
[Result "0-1"]
[TimeControl "900+10"]

1. e4 c5 2.
c3 Nf6 3. e5 Nd5 4. d4 cxd4 5. Nf3 Nc6 6. cxd4 d6 7. Bc4 dxe5 8. dxe5 Ndb4 9. Qe2 Bf5 10. Na3 Nd3+ 11. Kf1 Nxc1 12.
Rxc1 e6 13.
Qe3 a6 14.
Ke2 Qa5 15.
Rhd1 Bc5 16.
Qg5 O-O 17.
Bb3 Bxa3 18.
bxa3 Nxe5 19. Nd4 Nd3 20. Rb1 Qe5+ 21. Qe3 Nf4+ 22. Kf3 Qxe3+ 23. fxe3 Bxb1 24. Rxb1 Nd3 25. Bc4 Ne5+ 0-1

[Site "Europe Echecs"]

[Event "Championnat d'Europe Rapide"]
[Date "2024.12.07"]
[White "Santos Latasa, Jaime"]
[Black "Martins, Diogo Faria Oliveira"]
[WhiteElo "2628"]
[BlackElo "1961"]
[Round "1.3"]
[Result "1-0"]
[TimeControl "900+10"]

1. d4 Nf6 2. c4 c5 3. d5 e6 4. Nc3 exd5 5. cxd5 d6 6. Nf3 g6 7. Nd2 Bg7 8. e4 O-O 9. Be2 a6 10. a4 Nbd7 11. O-O Rb8 12. h3 Qc7 13. Qc2 Re8 14. Re1 c4 15. a5 b5 16. axb6 Nxb6 17. Nf3 Nfd7 18. Be3 Ne5 19. Nd2 Nbd7 20. Na4 Nc5 21. Nxc5 dxc5 22. Reb1 Bd7 23. Rxa6 Bb5 24. Ra3 Nd3 25. Nxc4 Bxc4 26.
Bxd3 Bxd3 27. Qxd3 Rxb2 28. Rxb2 Bxb2 29. Ra4 Rc8 30. Rc4 Qa7 31. d6 Qa1+ 32. Kh2 Qa6 33. f4 Rd8 34. e5 f6 35. Qd5+ Kg7 36. Rxc5 Qe2 37. Rc7+ Kh6 38. Qf7 1-0

[Site "Europe Echecs"]

[Event "Championnat d'Europe Rapide"]
[Date "2024.12.07"]
[White "Van Foreest, Jorden"]
[Black "Horvath, Tomas"]
[WhiteElo "2677"]
[BlackElo "2049"]
[Round "1.5"]
[Result "1-0"]
[TimeControl "900+10"]

1. d4 Nf6 2.
c4 e6 3. Nc3 Bb4 4. e3 O-O 5. Nge2 d5 6. a3 Be7 7. cxd5 exd5 8. Nf4 c6 9. Bd3 Na6 10. Qc2 Nc7 11. Bd2 Ne6 12. Nxe6 Bxe6 13. Ne2 Rc8 14. b4 b6 15. O-O c5 16. bxc5 bxc5 17. Ba6 Rb8 18. dxc5 Qc7 19. Rac1 Ng4 20. g3 Ne5 21. Nd4 Bg4 22. f3 Bh3 23. Rfd1 Nc6 24. Bd3 g6 25. Qa4 Ne5 26. Ba5 Qc8 27. c6 Rb2 28. Bc2 Bc5 29. Kf2 Qa6 30. Ne2 Bxe3+ 31.
Kxe3 Nc4+ 32. Kf2 Qxa5 33. Qxa5 Nxa5 34. g4 Re8 35. Nd4 Nc4 36. Kg3 h5 37. Kxh3 hxg4+ 38. Kxg4 Ne3+ 39. Kf4 Nxd1 40.
Rxd1 Kg7 41.
Rd3 Rc8 42.
Ke5 Rxc2 43.
Nxc2 Rxc6 44. Nd4 Rc5 45. Kd6 Rc1 46. Nc6 1-0

[Site "Europe Echecs"]

[Event "Championnat d'Europe Rapide"]
[Date "2024.12.07"]
[White "Zhukovskyi, Myhaylo"]
[Black "Deac, Bogdan-Daniel"]
[WhiteElo "2189"]
[BlackElo "2696"]
[Round "1.6"]
[Result "0-1"]
[TimeControl "900+10"]

1. Nf3 b6 2.
g3 Bb7 3.
Bg2 g6 4.
O-O Bg7 5.
d4 c5 6.
dxc5 bxc5 7.
c4 Nf6 8.
Nc3 O-O 9.
Qc2 Nc6 10.
Rd1 d6 11.
a3 Rb8 12.
Rb1 a5 13.
Be3 Qc8 14.
h3 Ba6 15.
b3 Re8 16. Na4 Qc7 17. Bd2 e5 18. e3 h6 19. Bc3 Bc8 20. Nh4 Rd8 21. Bxc6 Qxc6 22. Bxa5 Bb7 23. f3 g5 24. Bxd8 gxh4 25.
Bxf6 Qxf3 26. Qd2 hxg3 27. e4 Bxe4 0-1

[Site "Europe Echecs"]

[Event "Championnat d'Europe Rapide"]
[Date "2024.12.07"]
[White "Motylev, Alexander"]
[Black "Velickovski-Nejkovic, Maja"]
[WhiteElo "2596"]
[BlackElo "1959"]
[Round "1.7"]
[Result "1-0"]
[TimeControl "900+10"]

1. e4 d6 2.
d4 Nf6 3. Nc3 Nbd7 4. g4 h6 5. h3 e5 6. Nge2 c6 7. a4 Qc7 8. Bg2 Be7 9. f4 O-O 10. O-O b6 11. d5 c5 12. g5 hxg5 13. fxg5 Nh7 14. h4 a6 15. Ng3 g6 16. Be3 Rb8 17. Nf5 Qd8 18. Qe2 b5 19. Nh6+ Kg7 20. axb5 axb5 21. Nxb5 Nb6 22. Na7 Bd7 23. Nc6 Bxc6 24. dxc6 Qc7 25. Rf3 Qxc6 26. Raf1 f6 27. h5 Nxg5 28. hxg6 Nxf3+ 29. Qxf3 Rh8 30. Nf5+ Kf8 31. g7+ Kf7 32.
gxh8=Q Rxh8 33. Nxe7 1-0

[Site "Europe Echecs"]

[Event "Championnat d'Europe Rapide"]
[Date "2024.12.07"]
[White "Gulin, Zoran J"]
[Black "Jobava, Baadur"]
[WhiteElo "1871"]
[BlackElo "2578"]
[Round "1.8"]
[Result "0-1"]
[TimeControl "900+10"]

1. e4 d6 2.
d4 Nf6 3.
Nc3 e5 4.
dxe5 dxe5 5.
Qxd8+ Kxd8 6. Bg5 c6 7.
O-O-O+ Kc7 8. Bc4 Be6 9. Bxe6 fxe6 10. f3 Nbd7 11. Be3 a5 12. Nge2 a4 13. a3 b5 14. Na2 Nb6 15. Bxb6+ Kxb6 16. Rd3 Bc5 17. Rhd1 g5 18. h3 h5 19. Rh1 Rad8 20. Rxd8 Rxd8 21.
Nac3 h4 22.
Rd1 Be3+ 23.
Kb1 Rg8 24.
Rd6 Re8 25.
Nd1 Bc5 26.
Rd3 Nh5 27.
Rd7 Nf4 28.
Nxf4 gxf4 29. Rg7 Rd8 30. Nc3 Rd2 31. Kc1 Be3 32. Kb1 Rf2 33. Rg6 Kc7 34. Rg4 Kd6 35. Rxh4 Rxg2 36. Rh8 Rg3 37. h4 Rxf3 38. h5 Rf1+ 39. Ka2 f3 40. Rf8 Ke7 0-1

[Site "Europe Echecs"]

[Event "Championnat d'Europe Rapide"]
[Date "2024.12.07"]
[White "Ragger, Markus"]
[Black "Rakulj, Stanislav"]
[WhiteElo "2577"]
[BlackElo "1928"]
[Round "1.9"]
[Result "1-0"]
[TimeControl "900+10"]

1. d4 e6 2. c4 Nf6 3. Nf3 b6 4. g3 Bb7 5. Bg2 Be7 6. O-O O-O 7. d5 exd5 8. Nd4 Bc5 9. Nf5 d6 10. cxd5 Nbd7 11. a3 a5 12. Nc3 Re8 13. Rb1 b5 14. Nxb5 Ba6 15. Nbd4 Ne5 16. Qd2 Nfd7 17. b4 axb4 18. axb4 Bb6 19. b5 Bc8 20. h4 Nf8 21. Qc2 Bxf5 22. Nxf5 Qf6 23. Bg5 Qg6 24. Be4 Kh8 25. Kg2 f6 26. Nxd6 Qh5 27. Nxe8 Rxe8 28. Bf4 Nfd7 29. Bf3 Nxf3 30. exf3 Qxd5 31. Rfe1 Ne5 32. Bxe5 fxe5 33. Qc6 Qf7 34. Ra1 Kg8 1-0

[Site "Europe Echecs"]

[Event "Championnat d'Europe Rapide"]
[Date "2024.12.07"]
[White "Tomasi, Elise"]
[Black "Safarli, Eltaj"]
[WhiteElo "2073"]
[BlackElo "2610"]
[Round "1.10"]
[Result "0-1"]
[TimeControl "900+10"]

1. d4 Nf6 2.
Nf3 g6 3. g3 Bg7 4. Bg2 O-O 5. O-O d5 6. c4 c6 7. cxd5 cxd5 8. Nc3 Nc6 9. Ne5 Bf5 10. Be3 Rc8 11. Rc1 e6 12. Nxc6 Rxc6 13. f3 h5 14. h3 Qb6 15. Na4 Rxc1 16.
Qxc1 Qd6 17.
Bf2 e5 18.
Qc5 Qa6 19.
Nc3 Rc8 20.
Qe7 Re8 21.
Qa3 Qxa3 22.
bxa3 e4 23.
fxe4 Nxe4 24. Nxd5 Nxf2 25. Kxf2 Bxd4+ 26. e3 Be5 27. Rc1 Kg7 28. Rc4 Be6 29. e4 Rd8 30. a4 Rd6 31. Rb4 b6 32. a5 bxa5 33. Ra4 Rc6 34. Rxa5 Rc2+ 35. Kf3 Bd4 36. g4 h4 37. e5 Rxa2 38. Rb5 a6 0-1

[Site "Europe Echecs"]

[Event "Championnat d'Europe Rapide"]
[Date "2024.12.07"]
[White "Korobov, Anton"]
[Black "Quilter, Thomas A"]
[WhiteElo "2629"]
[BlackElo "2162"]
[Round "1.11"]
[Result "1-0"]
[TimeControl "900+10"]

1. d4 Nf6 2.
c4 a6 3. Nc3 b5 4. cxb5 axb5 5. Nxb5 Ba6 6. Nc3 e6 7. Nf3 c5 8. g3 Nc6 9. Bg2 Qb6 10. O-O cxd4 11.
Nxd4 Rb8 12.
Nxc6 dxc6 13. Be3 Qb4 14. Bxc6+ Ke7 15. a3 Qc4 16. Bf3 Rd8 17. Qc2 Nd5 18. Nxd5+ exd5 19. Qf5 Qc8 20. Qe5+ Qe6 21. Qc7+ Rd7 22. Qf4 f5 23. Rac1 Kf7 24. Rfd1 Bc4 25. Rxc4 dxc4 26. Rxd7+ Qxd7 27. Qxc4+ Kg6 28. h4 h5 29. Bc6 Qd8 30. Bg5 Be7 31. Qe6+ Bf6 32. Bd7 Qa5 33. Bxf6 gxf6 34. Be8+ Rxe8 35. Qxe8+ Kh6 36. b4 Qxa3 37. Qe3+ 1-0

[Site "Europe Echecs"]

[Event "Championnat d'Europe Rapide"]
[Date "2024.12.07"]
[White "Skurniak, Szymon"]
[Black "Pultinevicius, Paulius"]
[WhiteElo "2075"]
[BlackElo "2579"]
[Round "1.12"]
[Result "0-1"]
[TimeControl "900+10"]

1. e4 c5 2.
Nf3 e6 3. b3 d5 4. Bb5+ Bd7 5. Bxd7+ Qxd7 6. exd5 Qxd5 7. Nc3 Qd8 8. O-O Nc6 9. Bb2 Nf6 10. Ne2 Qc7 11. d4 Rd8 12. Qc1 cxd4 13. Nexd4 Nxd4 14. Bxd4 Bc5 15. Be5 Bd6 16. Bxf6 gxf6 17. Qh6 Ke7 18. c4 Rdg8 19. g3 Rg6 20. Qh4 h5 21. Rad1 Rg4 22. Qh3 f5 23. Rd4 Bc5 24. Rxg4 fxg4 25. Qh4+ f6 26. Ne1 Kf7 27. Nd3 Be7 28. Re1 f5 29. Ne5+ Kg7 0-1

[Site "Europe Echecs"]

[Event "Championnat d'Europe Rapide"]
[Date "2024.12.07"]
[White "Sargissian, Gabriel"]
[Black "Chaerle, Josse"]
[WhiteElo "2628"]
[BlackElo "2024"]
[Round "1.13"]
[Result "1-0"]
[TimeControl "900+10"]

1. Nf3 Nf6 2. g3 c5 3.
Bg2 Nc6 4.
O-O d5 5. d4 e6 6. c4 Be7 7. cxd5 exd5 8. dxc5 Bxc5 9. a3 Ne4 10. b4 Be7 11. Bb2 O-O 12. Nfd2 Bf6 13. Ra2 Be6 14. Nb3 Rc8 15. Nd4 Nxd4 16.
Bxd4 Rc4 17.
Bxf6 Qxf6 18. Rc2 Rxc2 19. Qxc2 Rc8 20. Qd3 h5 21. Nd2 Rc3 22. Nxe4 dxe4 23. Qxe4 Rxa3 24. Qxb7 h4 25. Qa8+ Kh7 26. Qe4+ g6 27. gxh4 Kg7 28. e3 Rc3 29. h5 Rc4 30. Qf3 Rxb4 31. h6+ 1-0

[Site "Europe Echecs"]

[Event "Championnat d'Europe Rapide"]
[Date "2024.12.07"]
[White "Nikolovski, Kiril"]
[Black "Mamedov, Rauf"]
[WhiteElo "1950"]
[BlackElo "2656"]
[Round "1.14"]
[Result "0-1"]
[TimeControl "900+10"]

1. Nf3 c5 2.
g3 g6 3. Bg2 Bg7 4. c4 Nc6 5. Nc3 d6 6. O-O e5 7. d3 Nge7 8. a3 O-O 9. Rb1 a5 10. Nd5 Nxd5 11. cxd5 Ne7 12. Nd2 a4 13. b4 axb3 14. Qxb3 Nf5 15. Bb2 h5 16. e4 Nd4 17. Bxd4 exd4 18. Nc4 Ra6 19. f4 h4 20. Nb6 Bg4 21. Nc4 Bc8 22. Nb6 Re8 23. Rf2 Bg4 24. Nc4 Re7 25. Rfb2 h3 26. Bf1 Kh7 27. Qc2 Bc8 28. Rb6 f5 29. Rxa6 bxa6 30. Rb6 fxe4 31. Rxd6 Qe8 32. dxe4 Rxe4 33. Bd3 Bf5 34. Bxe4 Bxe4 35. Qd2 Qb5 36. Qe2 Qb1+ 37. Kf2 d3 38.
Qxe4 Bd4+ 0-1

[Site "Europe Echecs"]

[Event "Championnat d'Europe Rapide"]
[Date "2024.12.07"]
[White "Ciolacu, Alessia-Mihaela"]
[Black "Fressinet, Laurent"]
[WhiteElo "2124"]
[BlackElo "2588"]
[Round "1.16"]
[Result "0-1"]
[TimeControl "900+10"]

1. d4 Nf6 2.
c4 g6 3. Nc3 Bg7 4. e4 d6 5. Be2 O-O 6. Be3 a5 7. h3 Na6 8. Nf3 e5 9. d5 Nd7 10. Qc2 Ndc5 11. g4 Kh8 12.
O-O-O Nb4 13. Qb1 a4 14. g5 f5 15. gxf6 Qxf6 16. Rdg1 a3 17. b3 c6 18. h4 cxd5 19. Nxd5 Nxd5 20. cxd5 Nxe4 21. Qxe4 Bf5 22. Qb4 Rfc8+ 23.
Kd1 Rc2 24.
Qxb7 Rac8 25. Bg5 Qf8 26. h5 Rxa2 27. hxg6 Bxg6 28. Nh4 Bc2+ 29. Ke1 Rb8 30. Qd7 Rxb3 31. f3 Rb1+ 32. Kf2 Rxg1 33. Rxg1 Bd3 34. Re1 e4 35. Ng6+ hxg6 36. Rh1+ Kg8 37. Qe6+ Qf7 38. Qc8+ Bf8 39. Qh3 Qxf3+ 0-1

[Site "Europe Echecs"]

[Event "Championnat d'Europe Rapide"]
[Date "2024.12.07"]
[White "Lagarde, Maxime"]
[Black "Froewis, Annika"]
[WhiteElo "2600"]
[BlackElo "2069"]
[Round "1.17"]
[Result "1-0"]
[TimeControl "900+10"]

1. e4 e5 2.
Nf3 Nc6 3.
Bc4 Nf6 4.
d3 Be7 5.
Nc3 d6 6. a3 O-O 7. Ba2 Be6 8. Nd5 Bxd5 9. exd5 Nb8 10. O-O a5 11. Re1 Nbd7 12. d4 exd4 13.
Nxd4 Re8 14.
Bg5 h6 15.
Bf4 Nh7 16.
c3 Nhf8 17.
Qg4 Ng6 18.
Bg3 Nde5 19.
Qh5 Bg5 20.
Rad1 Qf6 21.
Re4 Re7 22.
h4 Bf4 23.
Nf5 Bxg3 24.
fxg3 Rd7 25.
Rf1 Qd8 26.
g4 b5 27. g5 hxg5 28.
hxg5 b4 29.
Bb1 bxc3 30.
Re3 cxb2 31.
Rh3 f6 32.
gxf6 gxf6 33. Rg3 Rh7 34. Nh6+ Kg7 35. Rxg6+ 1-0

[Site "Europe Echecs"]

[Event "Championnat d'Europe Rapide"]
[Date "2024.12.07"]
[White "Chuchukova, Stefani"]
[Black "Pichot, Alan"]
[WhiteElo "1868"]
[BlackElo "2637"]
[Round "1.18"]
[Result "0-1"]
[TimeControl "900+10"]

1. e4 c5 2. d4 cxd4 3. Qxd4 Nc6 4. Qd3 Nf6 5. Nc3 d6 6. Nf3 g6 7. b3 Bg7 8. Bb2 O-O 9. Be2 Qa5 10. Nd2 Nb4 11. Qg3 Nxc2+ 12. Kd1 Nxa1 13.
Bxa1 Be6 14.
h4 Rac8 15.
Bc4 Nh5 16.
Qf3 b5 17.
g4 bxc4 18.
gxh5 cxb3 19. Nd5 Bxd5 20. Bxg7 Kxg7 21. h6+ Kg8 22. exd5 bxa2 23. Re1 a1=Q+ 24. Ke2 Qe5+ 25. Kf1 Qaxd5 0-1

[Site "Europe Echecs"]

[Event "Championnat d'Europe Rapide"]
[Date "2024.12.07"]
[White "Georgiev, Kiril"]
[Black "Pirvulescu, Ekaterina"]
[WhiteElo "2537"]
[BlackElo "2063"]
[Round "1.19"]
[Result "1-0"]
[TimeControl "900+10"]

1. Nf3 c5 2.
b3 d6 3. c4 e5 4. Nc3 g6 5. g3 Bg7 6. Bg2 Ne7 7. Rb1 Nbc6 8. d3 O-O 9. O-O h6 10. a3 Be6 11. b4 b6 12. bxc5 dxc5 13. e4 Qd7 14. Nd5 f5 15. Bb2 fxe4 16.
dxe4 Rad8 17. Qd3 Bg4 18. Nd2 Nd4 19. f3 Be6 20. Rf2 Nec6 21. Nf1 Rf7 22. Nfe3 Rdf8 23. Rbf1 Kh7 24. Bc3 Qb7 25. Kh1 Qd7 26. h4 Qd8 27. Kh2 Kg8 28. Bd2 g5 29. g4 gxh4 30. Nf5 Bxf5 31. gxf5 Kh7 32. Bh3 Bf6 33. Bg4 Rg7 34. Bh5 Bg5 35. Bg6+ Kh8 36. Rg2 Rxg6 37. fxg6 Kg7 38. Kh1 Kxg6 39. f4 exf4 40. e5+ Nf5 41. Nxf4+ Kh7 42. Qe4 Ncd4 43. Ne6 Nxe6 44. Rxf5 Kg7 45. Rgf2 Bxd2 46. Qb7+ Kg8 47. Rxf8+ Nxf8 48. Qf7+ Kh8 49. Qxf8+ Qxf8 50. Rxf8+ Kg7 51. Rf3 Bg5 52. a4 Kg6 53. Kg2 Bd2 54. e6 Bg5 55. Rf7 a6 56. Kh3 b5 57. axb5 axb5 58. cxb5 c4 59. Rc7 c3 60. b6 c2 61. Rxc2 Kf6 62. b7 1-0

[Site "Europe Echecs"]

[Event "Championnat d'Europe Rapide"]
[Date "2024.12.07"]
[White "Aliu, Besnik"]
[Black "Djukic, Nikola"]
[WhiteElo "1990"]
[BlackElo "2493"]
[Round "1.20"]
[Result "0-1"]
[TimeControl "900+10"]

1. Nf3 Nf6 2. g3 g6 3.
Bg2 Bg7 4.
d4 O-O 5.
O-O d5 6.
Bf4 c6 7.
Nbd2 Nbd7 8.
c4 b6 9. Rc1 Bb7 10. Ne5 c5 11. e3 cxd4 12.
exd4 Nh5 13.
cxd5 Nxf4 14. gxf4 Nxe5 15. fxe5 Bxd5 16. Bxd5 Qxd5 17. Nb3 a5 18. a4 Rac8 19. Re1 Bh6 20. Rxc8 Rxc8 21. Qd3 Rc4 22. Ra1 Rb4 23. Ra3 e6 24. h4 Bf8 25. f3 h5 26. Kf2 b5 27. Qe4 Rxb3 28. Qxd5 Rxb2+ 0-1

[Site "Europe Echecs"]

[Event "Championnat d'Europe Rapide"]
[Date "2024.12.07"]
[White "Kuzubov, Yuriy"]
[Black "Babrauskas, Darius"]
[WhiteElo "2595"]
[BlackElo "2063"]
[Round "1.21"]
[Result "1-0"]
[TimeControl "900+10"]

1. d4 d5 2.
c4 c6 3. Nf3 Nf6 4. Nc3 e6 5. e3 Nbd7 6. Be2 dxc4 7. a4 Bd6 8. Nd2 e5 9. Nxc4 Bc7 10. b3 O-O 11. Ba3 Re8 12. Nd6 Bxd6 13.
Bxd6 exd4 14. Qxd4 Nf8 15. Be5 Qxd4 16. Bxd4 Ne4 17. Nxe4 Rxe4 18. O-O Re8 19. b4 Be6 20. Rfc1 Nd7 21. a5 a6 22. Rd1 Rac8 23. Rac1 f6 24. f3 Nf8 25. Kf2 Kf7 26. g4 Bb3 27. Rd3 Be6 28. h4 Red8 29. Bb6 Rxd3 30. Bxd3 Nd7 31. Bd4 g6 32. g5 Ne5 33. Be2 Nd7 34.
e4 Rd8 35.
Ke3 Bb3 36.
Rh1 Re8 37.
Bd3 f5 38.
h5 Ne5 39.
hxg6+ hxg6 40. Bxe5 Rxe5 41. f4 Re8 42. Rh7+ Kg8 43. Rxb7 fxe4 44. Bxa6 Rd8 45. Rc7 Rd6 46. Kxe4 Bc2+ 47. Ke3 Bf5 48. Bc4+ Kf8 49. a6 1-0

[Site "Europe Echecs"]

[Event "Championnat d'Europe Rapide"]
[Date "2024.12.07"]
[White "Quparadze, Giga"]
[Black "Serifovic, Faruk"]
[WhiteElo "2537"]
[BlackElo "1950"]
[Round "1.23"]
[Result "1-0"]
[TimeControl "900+10"]

1. e4 e6 2.
d4 d5 3. Nd2 dxe4 4. Nxe4 Bd7 5. Nf3 Bc6 6. Bd3 Nd7 7. O-O Ngf6 8. Ng3 Be7 9. Re1 Bxf3 10.
Qxf3 c6 11.
c3 O-O 12.
a4 Re8 13.
a5 a6 14. b4 Nf8 15. Ne4 Ng6 16. Ng5 Qd5 17. Qh3 Nf8 18. Bf4 Ng6 19. Be5 h6 20. Nxe6 Nxe5 21.
Rxe5 Qd7 22.
Bf5 Qd6 23.
Nc5 Bd8 24.
Nxb7 Qc7 25.
Rxe8+ Nxe8 26. Nxd8 Rxd8 27. Bd3 Nf6 28. Bxa6 Re8 29. Bf1 h5 30. a6 Qb6 31. Qf3 Ra8 32. b5 Nd5 33. c4 Qxd4 34. Rd1 Qc3 35. cxd5 Qxf3 36. gxf3 cxb5 37. Bxb5 1-0

[Site "Europe Echecs"]

[Event "Championnat d'Europe Rapide"]
[Date "2024.12.07"]
[White "Karaivanova, Petya"]
[Black "Dardha, Daniel"]
[WhiteElo "1939"]
[BlackElo "2639"]
[Round "1.24"]
[Result "1/2-1/2"]
[TimeControl "900+10"]

1. e4 c5 2. Nf3 Nc6 3. d4 cxd4 4. Nxd4 Nf6 5. Nc3 d6 6. Bg5 e6 7. Qd2 a6 8. h4 Bd7 9. f3 Qb6 10. Nxc6 bxc6 11. O-O-O Rb8 12. b3 Qa5 13. Na4 Qxd2+ 14. Bxd2 e5 15. Bxa6 d5 16. Bd3 Ba3+ 17. Nb2 O-O 18. c3 Be6 19. Kc2 Nd7 20. Na4 Ra8 21. Bc1 Bd6 22. Rd2 h5 23. Kd1 g6 24. Ke1 f5 25. exd5 cxd5 26. Bb5 Nf6 27. Kf2 Rab8 28. Be2 e4 29. Rhd1 Bh2 30. Nc5 Bf7 31. Rb2 Be5 32. Rc2 Rfd8 33. Be3 f4 34. Bd4 Re8 35. Kg1 Bxd4+ 36. cxd4 Re7 37. a4 Ne8 38. a5 Nd6 39. a6 Ra7 40. Rb1 Rb4 41. Kh2 Kg7 42. Ra2 Rxd4 43. b4 Nc8 44. Na4 exf3 45. gxf3 Re7 46. b5 Be8 47. b6 Rxa4 48. Rxa4 Rxe2+ 49.
Kg1 Nxb6 50.
Rxf4 Re6 51.
a7 Na8 52. Rb7+ Kh6 53. Rb8 Bc6 54. Rff8 Kg7 55. Rxa8 Bxa8 56. Rxa8 Ra6 57. Kf2 Ra3 58. Ke2 d4 59. f4 Kh7 60. Kd2 d3 61. Ke3 Kg7 62. Kd2 Kh7 1/2-1/2

[Site "Europe Echecs"]

[Event "Championnat d'Europe Rapide"]
[Date "2024.12.07"]
[White "Laurusas, Tomas"]
[Black "Viliamas, Dovydas"]
[WhiteElo "2578"]
[BlackElo "1909"]
[Round "1.25"]
[Result "1-0"]
[TimeControl "900+10"]

1. c4 e6 2.
g3 d5 3. Bg2 Nf6 4. d4 Bd6 5. Nd2 O-O 6. Ngf3 c5 7. cxd5 exd5 8. dxc5 Bxc5 9. O-O Nc6 10. Nb3 Ne4 11. Nxc5 Nxc5 12. Bg5 Qd7 13. Rc1 Ne6 14. Bd2 d4 15. Ne1 Qd6 16. Nd3 Rd8 17. Qb3 a5 18. a4 h6 19. Rfe1 Ra6 20. Rc2 Ne7 21. Rec1 b6 22. Rxc8 Nxc8 23. Bb7 Nc5 24. Nxc5 bxc5 25.
Bxa6 Qxa6 26. Qb5 Qxb5 27. axb5 Rd5 28. Bxa5 Nd6 29. Bc7 Nxb5 30. Bb6 c4 31. Rxc4 d3 32. exd3 Rxd3 33. Rb4 Rd5 34. h4 Kf8 35. Kf1 h5 36. Ke2 Ke7 37. Re4+ Kd7 38. Be3 g6 39. Rf4 Ke6 40. Rc4 Kd7 41. Ra4 Ke6 42. Ra6+ Kf5 43. Ra4 Ke6 44. Rf4 Ke7 45. Ke1 Ke6 46. Rc4 Kd6 47. Rc1 Kd7 48. Rd1 Ke6 49. Rxd5 Kxd5 50. Kd2 Kc4 51. Kc2 1-0

[Site "Europe Echecs"]

[Event "Championnat d'Europe Rapide"]
[Date "2024.12.07"]
[White "Kosmidis, Ioannis"]
[Black "Bernadskiy, Vitaliy"]
[WhiteElo "2104"]
[BlackElo "2546"]
[Round "1.26"]
[Result "0-1"]
[TimeControl "900+10"]

1. Nf3 Nf6 2. g3 g6 3. b3 d6 4. Bb2 e5 5. d3 Bg7 6. Bg2 O-O 7. c4 Nc6 8. Nc3 Nh5 9. e3 f5 10. Nd2 f4 11. O-O Ne7 12. Nd5 Nxd5 13. cxd5 Nf6 14. Rc1 Bg4 15. Qc2 Rc8 16. exf4 exf4 17. Qc4 Qd7 18. Qxf4 Nh5 19. Qe3 Bxb2 20. Rc2 Bg7 21. Qxa7 Be2 22. Re1 Bxd3 23.
Rcc1 Bb2 0-1

[Site "Europe Echecs"]

[Event "Championnat d'Europe Rapide"]
[Date "2024.12.07"]
[White "Mastrovasilis, Dimitrios"]
[Black "Ribeiro, Rodrigo"]
[WhiteElo "2537"]
[BlackElo "2143"]
[Round "1.27"]
[Result "1-0"]
[TimeControl "900+10"]

1. e4 c5 2.
Nf3 e6 3. c4 Nc6 4. d4 cxd4 5. Nxd4 Nf6 6. Nc3 Bb4 7. Nxc6 dxc6 8.
Qxd8+ Kxd8 9. e5 Ne4 10. a3 Bxc3+ 11. bxc3 Nxc3 12. h4 Na4 13. h5 Kc7 14. h6 g6 15. Rh3 Rd8 16. Rf3 Rd7 17. Bg5 Nc5 18. Rd1 Ne4 19. Be3 f5 20. exf6 Rxd1+ 21. Kxd1 e5 22. Bd3 Nd6 23. c5 Nf5 24. Bc4 Nh4 25. Rg3 Nf5 26. Rg5 Bd7 27. Ke1 Rf8 28. f7 Nxh6 29. Rxe5 Nxf7 30. Re7 Nd8 31. Rxh7 Kc8 32. Rg7 Bf5 33. f3 Re8 34. Kf2 Ne6 35. Rf7 Nd8 36. Rh7 Ne6 37. g4 Bb1 38. Rf7 Nd8 39. Rh7 Ne6 40. a4 a6 41. a5 Kb8 42. Kg3 Ka7 43. Bf2 Ng5 44. Rh1 Bc2 45. Rc1 Ba4 46. Re1 Rf8 47. f4 Nf7 48. Re7 Nh6 49. Bd4 Bc2 50. Bg7 1-0

[Site "Europe Echecs"]

[Event "Championnat d'Europe Rapide"]
[Date "2024.12.07"]
[White "Smeets, Jan"]
[Black "Stojkovska, Monika"]
[WhiteElo "2552"]
[BlackElo "2067"]
[Round "1.29"]
[Result "1-0"]
[TimeControl "900+10"]

1. e4 e6 2. d4 d5 3. e5 c5 4. c3 Nc6 5. Nf3 Qb6 6. a3 c4 7. Nbd2 Na5 8. Be2 Bd7 9. O-O Ne7 10. Re1 h6 11. Rb1 Nb3 12. Nxb3 cxb3 13. c4 Ba4 14. Be3 Nc6 15. Rc1 Be7 16. Nd2 Na5 17. Bd3 Qd8 18. Qg4 Kf8 19. cxd5 exd5 20. f4 h5 21. Qh3 Bd7 22. f5 f6 23. Nf3 a6 24. Nh4 Be8 25. Ng6+ Bxg6 26. fxg6 Nc6 27. Bf2 Qc8 28. Bf5 Qd8 29. Qxb3 Rb8 30. Re2 h4 31. Rce1 Qa5 32. Bd7 Rd8 33. Qxb7 1-0

[Site "Europe Echecs"]

[Event "Championnat d'Europe Rapide"]
[Date "2024.12.07"]
[White "Nadj, Vanja"]
[Black "Grigoriants, Sergey"]
[WhiteElo "1886"]
[BlackElo "2542"]
[Round "1.30"]
[Result "0-1"]
[TimeControl "900+10"]

1. e4 c5 2.
Nf3 d6 3. d4 cxd4 4. Nxd4 Nf6 5. Nc3 a6 6. h3 e6 7. g4 b5 8. a3 Bb7 9. Bg2 Be7 10. O-O Qc7 11. Re1 O-O 12. g5 Nfd7 13.
Nce2 Nc6 14.
c3 Rfe8 15.
Ng3 Bf8 16.
h4 Rac8 17.
Bh3 d5 18.
exd5 Nxd4 19. Qxd4 Bxd5 20. Nh5 Qc4 21.
Be3 Nc5 22. Qxc4 Bxc4 23. Bf1 Na4 24. Rab1 Ba2 25. Ra1 Bb3 26. Rab1 e5 27. Ng3 Rcd8 28. Bg2 Nc5 29. Bf1 Nd3 30. Re2 Bc5 31. Nf5 Be6 32. Ng3 Bg4 33. Rd2 Bxe3 34. Rxd3 Bb6 35. Rxd8 Rxd8 36. Be2 Bxe2 37.
Nxe2 Kf8 38.
Kf1 Ke7 39.
Ke1 Ke6 40.
Ng3 f5 41.
gxf6 gxf6 42. Ke2 f5 43. f3 Rg8 44. Nf1 Rg2+ 45. Kd3 Kd5 46. Nd2 Rh2 47. Re1 Rxh4 48. b3 Rh3 49. c4+ bxc4+ 50. bxc4+ Kd6 51. c5+ Bxc5 52. Nc4+ Kc6 53. Nxe5+ Kd5 54. Kc2 Bxa3 55. f4 Bb4 56. Rd1+ Ke4 57. Nd3 Rh2+ 58. Kb3 a5 59. Nxb4 axb4 60. Rf1 h5 61. Kxb4 h4 62. Kc4 h3 63. Kb3 Re2 64. Kc4 h2 0-1

[Site "Europe Echecs"]

[Event "Championnat d'Europe Rapide"]
[Date "2024.12.07"]
[White "Grigorov, Grigor"]
[Black "Papadimitriou, Athanasios"]
[WhiteElo "2497"]
[BlackElo "2267"]
[Round "1.31"]
[Result "1/2-1/2"]
[TimeControl "900+10"]

1. d4 d5 2.
c4 dxc4 3.
e3 g6 4.
Bxc4 Bg7 5.
Nf3 Nf6 6.
O-O O-O 7.
Nc3 a6 8. a4 c5 9. d5 Bg4 10. Be2 Nbd7 11. e4 Ne8 12. Bf4 Nd6 13. Nd2 Bxe2 14.
Qxe2 Ne5 15.
Be3 c4 16.
f4 Nd3 17.
e5 Nxb2 18.
Ndb1 Nf5 19.
Na3 Qa5 20.
Rfc1 Nxa4 21. Nxa4 Qxa4 22. Bf2 c3 23. Nc4 Qb5 24. Rab1 Qxd5 25. Nb6 Qd2 26. Qe4 Rad8 27. Nc4 Qd3 28. Qxd3 Rxd3 29. Rxb7 Rc8 30. Nb2 Rd2 31. Be1 Rd4 32. g3 c2 33. Kf2 h5 34.
Rb3 Rd7 35.
Rc3 Rdc7 36.
R1xc2 Rxc3 37. Rxc3 Rxc3 38. Bxc3 f6 39. Nd3 fxe5 40. fxe5 Bh6 41. Nb2 Be3+ 42. Kf3 Bd4 43. Bxd4 Nxd4+ 44. Ke4 Nf5 45. Nc4 Kf7 1/2-1/2

[Site "Europe Echecs"]

[Event "Championnat d'Europe Rapide"]
[Date "2024.12.07"]
[White "Vanden Bussche, Steven"]
[Black "Saric, Ante"]
[WhiteElo "2049"]
[BlackElo "2482"]
[Round "1.32"]
[Result "0-1"]
[TimeControl "900+10"]

1. d4 Nf6 2. Bf4 d5 3. e3 c5 4. c3 Nc6 5. Nd2 Bf5 6. Qb3 Qd7 7. Bb5 a6 8. Bxc6 Qxc6 9. Ngf3 c4 10. Qd1 Nd7 11. O-O e6 12. Re1 Be7 13. Ne5 Nxe5 14. Bxe5 f6 15. Bg3 Kf7 16. f3 b5 17. e4 Bg6 18. Qe2 Rhe8 19. a3 a5 20. h3 Bf8 21. Qf2 b4 22. a4 bxc3 23. bxc3 Ra7 24. exd5 exd5 25. Rxe8 Qxe8 26. Nf1 Rb7 27. Ne3 Qc6 28. Qd2 Rb3 29. Be1 Ba3 30. Rd1 Rb2 31. Qc1 Ra2 0-1

[Site "Europe Echecs"]